 Dungeon Crawl Stone Soup version 0.17-a0-1733-ge90ece9 (webtiles) character file.

91 Crag the Conjurer (level 4, -6/24 HPs)
             Began as a Tengu Conjurer on Aug 30, 2015.
             Killed from afar by a white imp (8 damage)
             ... with a puff of frost
             ... summoned by Natasha
             ... on level 3 of the Dungeon.
             The game lasted 00:09:39 (2307 turns).

Crag the Conjurer (Tengu Conjurer)                  Turns: 2307, Time: 00:09:39

Health: -6/24      AC:  2    Str:  8    XL:     4   Next: 57%
Magic:  2/8        EV: 13    Int: 16    God:
Gold:   96         SH:  0    Dex: 15    Spells: 2 memorised, 3 levels left

rFire  . . .     SeeInvis .     e - +1 short sword (holy)
rCold  . . .     Clarity  .     a - +0 robe
rNeg   . . .     SustAt   .     (no shield)
rPois  .         Gourm    .     (helmet restricted)
rElec  .         Spirit   .     (no cloak)
rCorr  .         Warding  .     (no gloves)
rMut   .         Stasis   .     (boots unavailable)
MR     .....                    (no amulet)
Stlth  ++........               (no ring)
                                (no ring)

@: slowed, very slow, not resistant to hostile enchantments, unstealthy
A: beak, talons 3
a: no special abilities


You were on level 3 of the Dungeon.
You were hungry.

You visited 1 branch of the dungeon, and saw 3 of its levels.

You collected 96 gold pieces.

Inventory:

Hand weapons
 e - a +1 short sword of holy wrath (weapon)
 f - a +0 dagger of venom
 p - a +0 dagger of flaming
Armour
 a - a +0 robe (worn)
Scrolls
 d - a scroll of remove curse {unknown}
 i - 2 scrolls of identify {unknown}
 m - a scroll of random uselessness {unknown}
 n - a scroll of teleportation {unknown}
 o - a scroll of blinking {unknown}
 t - a scroll of enchant weapon {unknown}
Potions
 h - a potion of heal wounds {unknown}
 j - a potion of agility {unknown}
 k - 2 potions of lignification {unknown}
 r - a potion of flight {unknown}
Books
 b - a book of Conjurations

   Spells                             Type                      Level
   a - Magic Dart                     Conjuration                  1
   b - Searing Ray                    Conjuration                  2
   c - Dazzling Spray                 Conjuration/Hexes            3
   d - Fulminant Prism                Conjuration/Hexes            4
   e - Iskenderun's Mystic Blast      Conjuration                  4
   f - Iskenderun's Battlesphere      Conjuration/Charms           5
 q - a book of Clouds

   Spells                             Type                      Level
   a - Mephitic Cloud                 Conjuration/Poison/Air       3
   b - Conjure Flame                  Conjuration/Fire             3
   c - Poisonous Cloud                Conjuration/Poison/Air       6
   d - Freezing Cloud                 Conjuration/Ice/Air          6
   e - Ring of Flames                 Charms/Fire                  7
Comestibles
 c - 2 bread rations
 g - a beef jerky
 l - 3 fruits
 u - a meat ration


   Skills:
 + Level 1.3 Short Blades
 - Level 2.3 Dodging
 - Level 2.6 Stealth
 - Level 2.3 Spellcasting
 + Level 6.6 Conjurations
 + Level 0.6 Air Magic


You had 3 spell levels left.
You knew the following spells:

 Your Spells              Type           Power        Failure   Level  Hunger
a - Magic Dart            Conj           ###.         1%          1    #......
b - Mephitic Cloud        Conj/Pois/Air  #.......     21%         3    ###....


Dungeon Overview and Level Annotations

Branches:
Dungeon (3/15)

Altars:
Kikubaaqudgha

Annotations:
D:3 Natasha


Innate Abilities, Weirdness & Mutations

You have a beak for a mouth.
You have claws for feet.


Message History

Confirm with . or Enter, or press ? or * to list all spells.
Aiming: Magic Dart
Press: ? - help, Shift-Dir - straight line, f/p - Natasha
Aim: Natasha (severely wounded)
The magic dart hits Natasha.
Natasha is almost dead.
Natasha casts a spell at you.
You feel yourself slow down.
You hit the white imp.
The white imp convulses.
You peck the white imp, but do no damage.
The white imp is almost dead.
The white imp gestures at you. The puff of frost hits you!
* * * LOW HITPOINT WARNING * * *
Natasha mumbles some strange words.
The iron imp hits you.
* * * LOW HITPOINT WARNING * * *
The white imp gestures at you. The puff of frost hits you!
You die...

#...........#[.#######.#.........
#...........#.... ..#.#.#..#.#
......##..###.######## #..)...#.#
†#######........# ... .........#
.#########.##.#.##.####...#######
.........................
###########.#.#.#...##
#.#.#.#...# #.#.#.@...#
#...##55..# ##.....h..#
#.####...# #.# 5..# #.# ...#
#...............
#....##.#####.#.# #... ...


You could see an iron imp, Natasha, a crimson imp and a white imp.

Vanquished Creatures
  2 adders (D:2)
  2 oozes
  A worm (D:2)
  3 giant geckos
  A ball python (D:2)
  3 bats
  4 giant cockroaches
  11 goblins
  10 hobgoblins
  2 jackals (D:2)
  9 kobolds
  3 giant newts (D:2)
  7 rats
58 creatures vanquished.

Notes
Turn   | Place    | Note
--------------------------------------------------------------
     0 | D:1      | Crag the Tengu Conjurer began the quest for the Orb.
     0 | D:1      | Reached XP level 1. HP: 10/10 MP: 4/4
   201 | D:1      | Reached XP level 2. HP: 15/15 MP: 3/6
   399 | D:1      | Reached skill level 6 in Conjurations
   515 | D:1      | Reached XP level 3. HP: 19/19 MP: 1/7
  1113 | D:2      | Found an ancient bone altar of Kikubaaqudgha.
  1252 | D:2      | Reached XP level 4. HP: 16/24 MP: 4/8
  1462 | D:2      | Reached skill level 1 in Short Blades
  1495 | D:2      | Learned a level 3 spell: Mephitic Cloud
  2299 | D:3      | Noticed Natasha
  2307 | D:3      | Killed from afar by a white imp

Vault maps used:
D:1:      minmay_arrival_jagged
D:2:      minmay_door_path, nicolae_overflow_hidden_temple
D:3:      lemuel_upstairs_altar, old_standard_altar, first_bread, uniq_natasha

Action                   |  1- 3 |  4- 6 || total
-------------------------+-------+-------++-------
Melee: Unarmed           |     2 |       ||     2
       Short sword       |    12 |     1 ||    13
       Dagger            |    12 |     2 ||    14
 Cast: Magic Dart        |    53 |    46 ||    99
  Eat: Chunk             |     2 |     3 ||     5
